 Dungeon Crawl Stone Soup version 0.28.0-43-g3370ac3207 (webtiles) character file.

Game seed: 4486368644906938633

61 Kaptain the Digger (level 4, -1/24 HPs)
             Began as a Gargoyle Earth Elementalist on Mar 5, 2022.
             Killed from afar by Sigmund (9 damage)
             ... with a puff of flame
             ... on level 3 of the Dungeon.
             The game lasted 00:04:29 (1761 turns).

Kaptain the Digger (Gargoyle Earth Elementalist)    Turns: 1761, Time: 00:04:29

Health: -1/24      AC:  6    Str: 10 (11) XL:     4   Next: 7%
Magic:  0/7        EV: 11    Int: 15 (18) God:
Gold:   33         SH:  0    Dex:  9 (10) Spells: 7/8 levels left

rFire   . . .      SeeInvis .   j - +0 short sword
rCold   . . .      Faith    .   (no shield)
rNeg    + . .      Spirit   .   h - +0 leather armour
rPois   ∞          Reflect  .   (no helmet)
rElec   +          Harm     .   (no cloak)
rCorr   .          Rampage  .   (no gloves)
Will    .....                   (no boots)
Stlth   ++........              (no amulet)
HPRegen 0.08/turn               (no ring)
MPRegen 0.10/turn               (no ring)

@: no status effects
A: sickness immunity, AC +3, negative energy resistance 1, electricity
resistance, torment resistance 1, petrification resistance
a: no special abilities


You were on level 3 of the Dungeon.
You visited 1 branch of the dungeon, and saw 3 of its levels.

You collected 33 gold pieces.

Inventory:

Hand Weapons
 e - a +0 dagger
 j - a +0 short sword (weapon)
Missiles
 c - 46 stones
 d - 5 poisoned darts (quivered)
Armour
 h - a +0 leather armour (worn)
Scrolls
 a - a scroll of identify {unknown}
 b - a scroll of teleportation {unknown}
 f - a scroll of noise {unknown}
 i - a scroll of amnesia {unknown}


   Skills:
 + Level 0.9 Fighting
 + Level 0.9 Armour
 + Level 1.9 Dodging
 + Level 2.5 Stealth
 * Level 2.5 Spellcasting
 * Level 1.4 Conjurations
 - Level 0.7 Transmutations
 * Level 4.1 Earth Magic


You had 7 spell levels left.
You knew the following spells:

 Your Spells              Type           Power      Damage    Failure   Level
a - Sandblast             Erth           28%        2d8       5%          1

Your spell library contained the following spells:

 Spells                   Type           Power      Damage    Failure   Level
 Magic Dart               Conj           24%        1d4       16%         1
 Passwall                 Tmut/Erth      7%         N/A       16%         2
 Stone Arrow              Conj/Erth      20%        3d8       26%         3
 Call Imp                 Summ           1%         N/A       41%         2
 Corpse Rot               Necr/Air       2%         N/A       41%         2
 Poisonous Vapours        Pois/Air       2%         N/A       41%         2
 Mephitic Cloud           Conj/Pois/Air  3%         N/A       56%         3
 Petrify                  Tmut/Erth      9%         N/A       71%         4


Dungeon Overview and Level Annotations

Branches:
Dungeon (2/15)

Altars:

Annotations:
D:3 Sigmund


Innate Abilities, Weirdness & Mutations

You are immune to sickness and miasma.
Your stone body is resilient. (AC +3)
You are immune to poison.
You resist negative energy. (rN+)
You are resistant to electric shocks. (rElec)
You are resistant to unholy torment.
You are immune to petrification.


Message History

The bat hits you but does no damage. x2
You barely miss Sigmund.
Sigmund is severely wounded.
You feel less confused. The bat hits you but does no damage.
Sigmund mumbles some strange words.
Sigmund flickers and vanishes!
Deactivating autopickup; reactivate with Ctrl-A.
The bat barely misses you.
You hit something. The bat barely misses you. Something hits you!
* * * LOW HITPOINT WARNING * * *
Unknown command.
Casting: Sandblast (safe; 5% risk of failure)
Confirm with . or Enter, or press ? or * to list all spells.
Aiming: Sandblast (safe; 5% risk of failure)
Press: ? - help, Shift-Dir - straight line
c - 48 stones The bat barely misses you.
The bat misses you. Something hits you but does no damage.
Unknown command.
Casting: Sandblast (safe; 5% risk of failure)
Confirm with . or Enter, or press ? or * to list all spells.
Aiming: Sandblast (safe; 5% risk of failure)
Press: ? - help, Shift-Dir - straight line The blast of sand hits something but does no damage.
c - 47 stones The bat hits you but does no damage.
Unknown command.
Unknown command.
Casting: Sandblast (safe; 5% risk of failure)
Confirm with . or Enter, or press ? or * to list all spells.
Aiming: Sandblast (safe; 5% risk of failure)
Press: ? - help, Shift-Dir - straight line The blast of sand hits something.
c - 46 stones The bat closely misses you.
You hear some strange, mumbled words.
A puff of flame appears from out of thin air!
The puff of flame hits you!
You die...

.........?.....
.......#.#.#...
#.............
#.....#.#.#.$.
#.............
#....l#.#.#...
#.....{.......
#.....@b......
#.............
#.............
#.............
#.............
#############.


You could see a bat and a frilled lizard.

Vanquished Creatures
  2 adders (D:2)
  2 dart slugs (D:1)
  7 ball pythons
  3 endoplasms
  A giant cockroach (D:1)
  7 hobgoblins
  4 quokkas (D:1)
  A frilled lizard (D:2)
  3 goblins
  3 kobolds
  4 rats
37 creatures vanquished.

Notes
Turn   | Place    | Note
-------+----------+-------------------------------------------
     0 | D:1      | Kaptain the Gargoyle Earth Elementalist began the quest for
                  | the Orb.
     0 | D:1      | Reached XP level 1. HP: 10/10 MP: 3/3
   248 | D:1      | Reached XP level 2. HP: 12/15 MP: 5/5
   322 | D:1      | Found a faded altar of an unknown god.
   707 | D:1      | Reached skill level 1 in Conjurations
   952 | D:1      | Reached XP level 3. HP: 20/20 MP: 2/6
  1303 | D:1      | Reached skill level 4 in Earth Magic
  1645 | D:2      | Reached XP level 4. HP: 24/24 MP: 4/7
  1747 | D:2      | You fall into a shaft and drop 1 floor!
  1747 | D:3      | Noticed Sigmund
  1761 | D:3      | Killed from afar by Sigmund

Illustrated notes

Levels and vault maps discovered:
D:1:      dpeg_arrival_solitude, layout_loops_ring,
          hellmonk_ecumenical_altar_lost_god, nrook_mini_vaults
D:2:      layout_loops_ring
D:3:      minmay_angry_zag, layout_basic, serial_glass, glass_columns_a,
          glass_columns_a, glass_columns_b, glass_columns_b, glass_columns_b,
          glass_columns_b, glass_columns_c, glass_columns_c, glass_columns_a,
          glass_columns_b, uniq_crazy_yiuf_cottage, uniq_sigmund

Skill      XL: |  1  2  3 |
---------------+----------+-----
Conjurations   | 1 |  1.4
Earth Magic    | 4 |  4.1
Fighting       | |  0.9
Armour         | |  0.9
Dodging        | |  1.9
Stealth        | |  2.5
Spellcasting   | |  2.5
Transmutations | |  0.7

Action                   |  1- 3 |  4- 6 || total
-------------------------+-------+-------++-------
Melee: Dagger            |    33 |       ||    33
       Unarmed           |     1 |       ||     1
       Short sword       |       |     3 ||     3
Throw: Dart              |    12 |       ||    12
 Cast: Sandblast         |    47 |    11 ||    58
  Use: Potion            |       |     1 ||     1
 Stab: Sleeping          |     1 |       ||     1
Armor: Robe              |    13 |       ||    13
       Leather armour    |     7 |    10 ||    17
Dodge: Dodged            |    35 |    11 ||    46
